 Dungeon Crawl Stone Soup version 0.21.1-1-g345015f (webtiles) character file.

393 tidbits the Digger (level 6, -2/44 HPs)
             Began as a Gnoll Earth Elementalist on June 26, 2018.
             Slain by a manticore (6 damage)
             ... on level 7 of the Dungeon.
             The game lasted 00:08:23 (1004 turns).

tidbits the Digger (Gnoll Earth Elementalist)       Turns: 1004, Time: 00:08:24

Health: -2/44      AC:  9    Str: 10 (11) XL:     6   Next: 81%
Magic:  11/14      EV: 15    Int: 22 (23) God:
Gold:   358        SH:  0    Dex: 12 (15) Spells: 9/15 levels left

rFire    + + +     SeeInvis .   r - +0 trident
rCold    + . .     Gourm    .   (no shield)
rNeg     . . .     Faith    .   B - quicksilver dragon scales
rPois    .         Spirit   .   (no helmet)
rElec    .         Reflect  .   C - scarf {rC+ rF+}
rCorr    .         Harm     .   (no gloves)
MR       +....                  (no boots)
Stlth    ++........             (no amulet)
HPRegen  0.14/turn              V - ring of Mefuzoh {rF+ EV+3 Int+4}
MPRegen  0.14/turn              G - ring of protection from fire

@: no status effects
A: distributed training, fangs 1, strong nose
a: no special abilities


You were on level 7 of the Dungeon.
You were not hungry.

You visited 1 branch of the dungeon, and saw 7 of its levels.
You also visited: Ossuary.

You collected 358 gold pieces.

Inventory:

Hand Weapons
 a - a +2 whip of pain
   (You took it off a kobold on level 2 of the Dungeon)
 f - a cursed -1 flail
 l - a -2 long sword
 q - a +0 hand crossbow
 r - a +0 trident (weapon)
 y - a +0 hand crossbow
Missiles
 b - 93 stones (quivered)
 i - 44 bolts
Armour
 c - a +0 robe
 B - quicksilver dragon scales (worn)
 C - a scarf of resistance (worn)
   (You found it on level 5 of the Dungeon)
Jewellery
 G - a ring of protection from fire (right hand)
   (You found it on level 7 of the Dungeon)
 V - the ring of Mefuzoh (left hand) {rF+ EV+3 Int+4}
   (You found it on level 4 of the Dungeon)

   [ring of evasion]

   It affects your evasion (+3).
   It affects your intelligence (+4).
   It protects you from fire.
Scrolls
 k - a scroll of noise
 m - a scroll of blinking
 p - a scroll of fog
 s - a scroll of amnesia
 u - 3 scrolls of remove curse
 w - a scroll of torment
 F - 2 scrolls of teleportation
Potions
 g - 2 potions of agility {unknown}
 h - a potion of degeneration
 j - a potion of might
 n - 3 potions of curing
 o - 2 potions of lignification {unknown}
 t - a potion of resistance {unknown}
 v - a potion of ambrosia {unknown}
 x - a potion of mutation {unknown}
 z - a potion of haste {unknown}
 A - 2 potions of heal wounds {unknown}
 D - 2 potions of berserk rage {unknown}
 E - a potion of invisibility {unknown}
Books
 e - a book of Geomancy

   Spells                             Type                      Level
   a - Sandblast                      Earth                        1
   b - Passwall                       Transmutation/Earth          2
   c - Stone Arrow                    Conjuration/Earth            3
   d - Petrify                        Transmutation/Earth          4
   e - Lee's Rapid Deconstruction     Earth                        5
Comestibles
 d - 4 rations


   Skills:
 + Level 2.1 Fighting
 + Level 2.1 Short Blades
 + Level 2.1 Long Blades
 + Level 2.1 Axes
 + Level 2.1 Maces & Flails
 + Level 2.1 Polearms
 + Level 2.1 Staves
 + Level 2.1 Slings
 + Level 2.1 Bows
 + Level 2.1 Crossbows
 + Level 2.1 Throwing
 + Level 2.1 Armour
 + Level 5.0 Dodging
 + Level 4.6 Stealth
 + Level 2.1 Shields
 + Level 2.1 Unarmed Combat
 + Level 5.4 Spellcasting
 + Level 1.6 Conjurations
 + Level 1.6 Hexes
 + Level 1.6 Charms
 + Level 1.6 Summonings
 + Level 1.6 Necromancy
 + Level 1.6 Translocations
 + Level 2.7 Transmutations
 + Level 1.6 Fire Magic
 + Level 1.6 Ice Magic
 + Level 1.6 Air Magic
 + Level 5.7 Earth Magic
 + Level 1.6 Poison Magic
 + Level 2.3 Invocations
 + Level 2.1 Evocations


You had 9 spell levels left.
You knew the following spells:

 Your Spells              Type           Power        Failure   Level  Hunger
a - Sandblast             Erth           ####..       2%          1    None
j - Stone Arrow           Conj/Erth      ###...       16%         3    ##.....
p - Passwall              Tmut/Erth      ###.......   6%          2    None


Dungeon Overview and Level Annotations

Branches:
Dungeon (7/15)
 Temple: D:4-7

Altars:

Shops:
D:5 =

Annotations:
D:5 bmj180's ghost, novice HaFi


Innate Abilities, Weirdness & Mutations

Your experience applies equally to all skills.
You have very sharp teeth.
Your uncanny sense of smell can sniff out nearby items.


Message History

There is a stone staircase leading up here.
You climb upwards.
Found a scroll of teleportation.
There is a stone staircase leading down here.
Unknown command.
You see here a scroll of teleportation.
F - 2 scrolls of teleportation (gained 1)
Found a ration.
An electric eel comes into view.
A hound, an orc wizard and an electric eel come into view.
The hound barks!
A centaur comes into view.
The electric eel shoots out a bolt of lightning at you!
The bolt of electricity hits you!
There is a stone staircase leading down here.
Casting: Sandblast
Confirm with . or Enter, or press ? or * to list all spells.
Aiming: Sandblast
Press: ? - help, Shift-Dir - straight line, f - hound
Aim: a hound The blast of sand misses the hound.
b - 81 stones
Casting: Sandblast
Confirm with . or Enter, or press ? or * to list all spells.
Aiming: Sandblast
Press: ? - help, Shift-Dir - straight line, f/p - hound
Aim: a hound The blast of sand hits the hound.
The hound is almost dead.
b - 80 stones The hound misses you.
Casting: Sandblast
Confirm with . or Enter, or press ? or * to list all spells.
Aiming: Sandblast
Press: ? - help, Shift-Dir - straight line, f/p - hound
Aim: a hound (almost dead)
The blast of sand hits the hound.
You kill the hound!
b - 79 stones You climb downwards.
There is a stone staircase leading up here.
Unknown command.
Found 17 stones.
Found a stone staircase leading up.
You see here 17 stones.
b - 96 stones (gained 17)
Found a scroll of remove curse.
There is a stone staircase leading up here.
You climb upwards.
There is a stone staircase leading down here.
Unknown command.
You climb downwards.
There is a stone staircase leading up here.
Unknown command.
A manticore comes into view.
Found a scroll of amnesia.
You see here a scroll of remove curse.
u - 3 scrolls of remove curse (gained 1)
Found 10 gold pieces.
The manticore bites you! The manticore barely misses you.
The manticore misses you.
Casting: Sandblast
Confirm with . or Enter, or press ? or * to list all spells.
Aiming: Sandblast
Press: ? - help, Shift-Dir - straight line, f - manticore
Aim: a manticore The blast of sand hits the manticore.
The manticore is lightly wounded.
b - 95 stones The manticore barely misses you.
The manticore claws you.
* * * LOW HITPOINT WARNING * * *
The manticore claws you!
* * * LOW HITPOINT WARNING * * *
Casting: Sandblast
Confirm with . or Enter, or press ? or * to list all spells.
Aiming: Sandblast
Press: ? - help, Shift-Dir - straight line, f/p - manticore
Aim: a manticore (lightly wounded)
The blast of sand misses the manticore.
b - 94 stones The manticore bites you.
* * * LOW HITPOINT WARNING * * *
The manticore claws you but does no damage. x2
Casting: Sandblast
Confirm with . or Enter, or press ? or * to list all spells.
Aiming: Sandblast
Press: ? - help, Shift-Dir - straight line, f/p - manticore
Aim: a manticore (lightly wounded)
The blast of sand hits the manticore.
The manticore is lightly wounded.
b - 93 stones The manticore closely misses you.
The manticore completely misses you. The manticore claws you!
* * * LOW HITPOINT WARNING * * *
It was a potion of curing.
You feel better. The manticore bites you.
* * * LOW HITPOINT WARNING * * *
The manticore claws you.
* * * LOW HITPOINT WARNING * * *
The manticore claws you.
You die...

#......####..#
###..........#
#.##.####..#
#...#.####..########
.....#..............#
###...######.........#
##### ##.########
##...## #...@.#
#..?.H..# #......$...
#.......###.#
##.....## ##...##
#####


You could see a manticore.

Vanquished Creatures
  A phantom (D:6)
  A crimson imp (D:5)
  A hound (D:6)
  An iguana (D:6)
  An orc wizard (D:5)
  A worker ant (D:4)
  8 mummies (Ossuary)
  2 adders
  A shadow imp (D:5)
  A worm (D:2)
  4 orcs (D:5)
  4 bats
  2 giant cockroaches
  A gnoll zombie (Ossuary)
  2 hobgoblins
  A quokka (D:5)
  3 hobgoblin zombies (Ossuary)
  3 kobolds
  2 kobold zombies (Ossuary)
  2 orc zombies (Ossuary)
  A quokka skeleton (D:4)
  A rat (D:3)
44 creatures vanquished.

Notes
Turn   | Place    | Note
-------+----------+-------------------------------------------
     0 | D:1      | tidbits the Gnoll Earth Elementalist began the quest for the Orb.
     0 | D:1      | Reached XP level 1. HP: 13/13 MP: 6/6
   130 | D:1      | Reached skill level 2 in Transmutations
   162 | D:2      | Reached XP level 2. HP: 19/19 MP: 3/7
   166 | D:2      | Learned a level 2 spell: Passwall
   294 | D:3      | Reached XP level 3. HP: 25/25 MP: 7/9
   302 | D:3      | Learned a level 3 spell: Stone Arrow
   322 | D:3      | Reached skill level 5 in Spellcasting
   376 | D:4      | Reached skill level 1 in Invocations
   408 | D:4      | Reached skill level 1 in Fighting
   408 | D:4      | Reached skill level 1 in Short Blades
   408 | D:4      | Reached skill level 1 in Long Blades
   408 | D:4      | Reached skill level 1 in Axes
   408 | D:4      | Reached skill level 1 in Maces & Flails
   408 | D:4      | Reached skill level 1 in Polearms
   408 | D:4      | Reached skill level 1 in Staves
   408 | D:4      | Reached skill level 1 in Slings
   408 | D:4      | Reached skill level 1 in Bows
   408 | D:4      | Reached skill level 1 in Crossbows
   408 | D:4      | Reached skill level 1 in Throwing
   408 | D:4      | Reached skill level 1 in Armour
   408 | D:4      | Reached skill level 1 in Shields
   408 | D:4      | Reached skill level 1 in Unarmed Combat
   408 | D:4      | Reached skill level 1 in Evocations
   425 | D:5      | Entered Level 5 of the Dungeon
   438 | D:5      | Reached XP level 4. HP: 32/32 MP: 8/11
   450 | D:5      | Reached skill level 1 in Conjurations
   450 | D:5      | Reached skill level 1 in Hexes
   450 | D:5      | Reached skill level 1 in Charms
   450 | D:5      | Reached skill level 1 in Summonings
   450 | D:5      | Reached skill level 1 in Necromancy
   450 | D:5      | Reached skill level 1 in Translocations
   450 | D:5      | Reached skill level 1 in Fire Magic
   450 | D:5      | Reached skill level 1 in Ice Magic
   450 | D:5      | Reached skill level 1 in Air Magic
   450 | D:5      | Reached skill level 1 in Poison Magic
   505 | D:5      | Found Xunocot's Jewellery Shop.
   523 | D:5      | Noticed bmj180's ghost (novice HaFi)
   551 | D:4      | Got a wavering ivory ring
   552 | D:4      | Identified the ring of Mefuzoh {rF+ EV+3 Int+4} (You found it on level 4 of the Dungeon)
   565 | D:5      | Reached XP level 5. HP: 37/37 MP: 10/12
   639 | D:5      | Found a sand-covered staircase.
   647 | Ossuary  | Entered an ossuary
   772 | Ossuary  | Reached XP level 6. HP: 41/44 MP: 8/13
   797 | Ossuary  | Reached skill level 2 in Invocations
   875 | D:5      | Noticed a phantom
   910 | D:6      | Noticed a phantom
   915 | D:6      | Killed a phantom
   915 | D:6      | Reached skill level 2 in Fighting
   915 | D:6      | Reached skill level 2 in Short Blades
   915 | D:6      | Reached skill level 2 in Long Blades
   915 | D:6      | Reached skill level 2 in Axes
   915 | D:6      | Reached skill level 2 in Maces & Flails
   915 | D:6      | Reached skill level 2 in Polearms
   915 | D:6      | Reached skill level 2 in Staves
   915 | D:6      | Reached skill level 2 in Slings
   915 | D:6      | Reached skill level 2 in Bows
   915 | D:6      | Reached skill level 2 in Crossbows
   915 | D:6      | Reached skill level 2 in Throwing
   915 | D:6      | Reached skill level 2 in Armour
   915 | D:6      | Reached skill level 5 in Dodging
   915 | D:6      | Reached skill level 2 in Shields
   915 | D:6      | Reached skill level 2 in Unarmed Combat
   915 | D:6      | Reached skill level 2 in Evocations
   994 | D:7      | Noticed a manticore
  1003 | D:7      | HP: 1/44 [manticore (7)]
  1004 | D:7      | Slain by a manticore

Skill      XL: |  1  2  3  4  5  6 |
---------------+-------------------+-----
Transmutations | 2 |  2.7
Spellcasting   | 5 |  5.4
Invocations    | 1 2 |  2.3
Fighting       | 1 2 |  2.1
Short Blades   | 1 2 |  2.1
Long Blades    | 1 2 |  2.1
Axes           | 1 2 |  2.1
Maces & Flails | 1 2 |  2.1
Polearms       | 1 2 |  2.1
Staves         | 1 2 |  2.1
Slings         | 1 2 |  2.1
Bows           | 1 2 |  2.1
Crossbows      | 1 2 |  2.1
Throwing       | 1 2 |  2.1
Armour         | 1 2 |  2.1
Shields        | 1 2 |  2.1
Unarmed Combat | 1 2 |  2.1
Evocations     | 1 2 |  2.1
Conjurations   | 1 |  1.6
Hexes          | 1 |  1.6
Charms         | 1 |  1.6
Summonings     | 1 |  1.6
Necromancy     | 1 |  1.6
Translocations | 1 |  1.6
Fire Magic     | 1 |  1.6
Ice Magic      | 1 |  1.6
Air Magic      | 1 |  1.6
Poison Magic   | 1 |  1.6
Dodging        | 5 |  5.0
Stealth        | |  4.6
Earth Magic    | |  5.7

Action                   |  1- 3 |  4- 6 || total
-------------------------+-------+-------++-------
Melee: Long sword        |     1 |       ||     1
       Trident           |       |    20 ||    20
Throw: Stone             |       |     1 ||     1
 Cast: Sandblast         |    22 |    47 ||    69
       Passwall          |     1 |       ||     1
  Use: Scroll            |     6 |     3 ||     9
       Potion            |       |     3 ||     3
Armor: Robe              |     1 |       ||     1
       Quicksilver drago |     1 |     5 ||     6
Dodge: Dodged            |     7 |    20 ||    27
       Rpst.: Long sword |     2 |       ||     2

Table legend:
 A = Turns spent in this place as a percentage of turns spent in the entire game.
 B = Non-inter-level travel turns spent in this place as a percentage of non-inter-level travel turns spent in the entire game.
 C = Inter-level travel turns spent in this place as a percentage of turns spent in this place.
 D = Turns resting spent in this place as a percentage of non-inter-level travel turns spent in this place.
 E = Turns spent auto-exploring this place as a percentage of non-inter-level travel turns spent in this place.
 F = Non-inter-level travel turns spent in this place divided by the number of levels of this place that you've seen.
                   A       B       C       D       E      F
               +-------+-------+-------+-------+-------+----------------------
         Total | 100.0 | 100.0 |   0.0 |   0.0 |   0.0 | 125.5
       Dungeon |  81.0 |  81.0 |   0.0 |   0.0 |   0.0 | 116.1
       Ossuary |  19.0 |  19.0 |   0.0 |   0.0 |   0.0 | 191.0
               +-------+-------+-------+-------+-------+----------------------

Table legend:
 A = Kills in this place as a percentage of kills in entire the game.
 B = Kills by you in this place as a percentage of kills by you in the entire game.
 C = Kills by friends in this place as a percentage of kills by friends in the entire game.
 D = Other kills in this place as a percentage of other kills in the entire game.
 E = Experience gained in this place as a percentage of experience gained in the entire game.
 F = Experience gained in this place divided by the number of levels of this place that you have seen.
                   A       B       C       D       E      F
               +-------+-------+-------+-------+-------+----------------------
         Total | 100.0 | 100.0 |   N/A |   N/A | 100.0 |  70.2
       Dungeon |  63.6 |  63.6 |   N/A |   N/A |  73.1 |  58.7
       Ossuary |  36.4 |  36.4 |   N/A |   N/A |  26.9 | 151.0
               +-------+-------+-------+-------+-------+----------------------

Vault maps used:
D:1:      eino_arrival_druids_welcome, st_stairs_10, patterned_corridor
D:2:      grunt_dithmenos_smoke_and_mirrors, first_ration, uniq_natasha
D:3:      lemuel_crystal_altar, nrook_mini_vaults
D:4:      chequers_temple_overflow_minitemple, amethyst_overflow_temple_binary,
          serial_curves, eino_curves_03, eino_curves_02
D:5:      serial_shops, nicolae_shop_behind_doors, chequers_ossuary_entry_cave
D:6:      cheibrodos_helix_gallery, temple_statues, basic_altar
D:7:      grunt_livestock, kennysheep_generic_room_9, uniq_crazy_yiuf_cottage
Ossuary:  ossuary_tomb_3
